Map: [ESL] Ancient Cistern

Players

Jieshi - Winner!

  • Race: Protoss Protoss
  • Spawn Location: 1:00

IGXY (XY)

  • Race: Terran Terran
  • Spawn Location: 7:00

Event: ESL SC2 Masters 2023 Summer (Regionals)

VOD

Have the link to the VOD?

Description

Time

  • Played on: May 11, 2023, 7:36 a.m.
  • Length: 11:57

All games in this series

Show
View Real Time Build Order
Export as new Build Order

Jieshi Protoss - Winner!

Build Orders: Oracle Opening 

Get SALT Encoding   

  12  0:00  Probe  
  13  0:12  Probe  
  14  0:17  Pylon  
  14  0:25  Probe (Chrono Boost)  
  15  0:36  Gateway  
  15  0:37  Probe (Chrono Boost)  
  16  0:44  Probe (Chrono Boost)  
  16  0:45  Assimilator  
  17  0:51  Probe  
  17  0:53  Assimilator  
  18  1:03  Probe  
  19  1:15  Probe  
  20  1:23  Cybernetics Core  
  20  1:25  Pylon  
  20  1:27  Probe  
  21  1:39  Probe  
  22  1:51  Probe  
  23  1:58  Adept (Chrono Boost)  
  23  1:59  Stargate  
  25  2:01  Warp Gate  
  25  2:03  Probe  
  26  2:10  Pylon  
  26  2:31  Nexus  
  26  2:34  Probe  
  27  2:40  Oracle (Chrono Boost)  
  30  2:46  Probe  
  31  2:58  Probe  
  32  3:10  Probe, Oracle (Chrono Boost)  
  36  3:14  Pylon  
  36  3:24  Probe  
  37  3:33  Twilight Council  
  34  3:37  Gateway  
  34  3:39  Gateway  
  34  3:43  Probe (Chrono Boost)  
  34  3:47  Probe (Chrono Boost)  
  36  3:52  Probe (Chrono Boost)  
  38  3:56  Probe (Chrono Boost)  
  38  3:57  Probe (Chrono Boost)  
  37  4:06  Probe  
  37  4:09  Probe  
  39  4:12  Phoenix  
  39  4:13  Blink (Chrono Boost)  
  41  4:18  Probe, Stalker  
  41  4:21  Probe  
  41  4:23  Shield Battery  
  45  4:30  Probe  
  46  4:33  Stalker  
  46  4:34  Probe, Stalker  
  51  4:42  Probe  
  51  4:44  Assimilator  
  52  4:46  Probe  
  52  4:51  Stalker  
  55  4:54  Probe  
  55  4:55  Pylon  
  55  4:58  Probe  
  57  5:01  Stalker x2  
  57  5:06  Probe  
  62  5:13  Probe  
  63  5:18  Nexus  
  63  5:24  Pylon  
  63  5:25  Assimilator  
  63  5:26  Probe x2  
  62  5:30  Pylon  
  62  5:43  Probe x2  
  62  5:48  Shield Battery  
  64  5:51  Robotics Facility  
  64  5:52  Templar Archives  
  64  5:53  Charge (Chrono Boost), Forge  
  64  5:55  Probe x2, Pylon  
  64  6:07  Probe  
  64  6:08  Probe, Psionic Storm  
  64  6:09  Pylon  
  66  6:13  Protoss Ground Armor Level 1 (Chrono Boost), Gateway  
  66  6:22  Gateway  
  66  6:23  Probe, Gateway  
  66  6:25  Probe  
  68  6:32  High Templar  
  68  6:33  Probe  
  68  6:38  Probe x2  
  68  6:39  Observer  
  74  6:42  Gateway  
  74  6:43  Gateway  
  74  6:45  Probe  
  75  6:50  Photon Cannon  
  75  6:53  High Templar  
  75  6:54  Shield Battery  
  78  6:56  Photon Cannon  
  78  6:58  Zealot  
  79  7:01  Pylon  
  79  7:04  Observer  
  79  7:06  Probe  
  79  7:08  Pylon  
  81  7:14  High Templar, Zealot  
  85  7:19  Pylon  
  85  7:20  Immortal  
  85  7:21  Pylon  
  85  7:23  Pylon  
  85  7:28  Zealot x3  
  94  7:37  Probe  
  94  7:38  High Templar  
  94  7:39  Zealot x3  
  103  7:46  Nexus  
  103  7:50  Pylon  
  103  7:58  Shield Battery  
  103  7:59  High Templar, Zealot x2  
  103  8:01  Photon Cannon  
  109  8:09  Zealot x2  
  109  8:10  Observer  
  111  8:21  Warp Prism (Chrono Boost)  
  111  8:22  Photon Cannon  
  111  8:24  Protoss Ground Weapons Level 1  
  111  8:26  Observer  
  113  8:27  High Templar  
  113  8:29  High Templar, Zealot x4  
  113  8:33  Zealot x2  
  129  8:35  Probe x2, Archon  
  129  8:36  Probe  
  132  8:45  Observer  
  132  8:53  Stalker x4  
  132  8:54  Zealot, Stalker  
  144  8:57  Pylon  
  144  9:00  Stalker  
  144  9:01  Zealot  
  145  9:26  Zealot x3  
  145  9:27  Zealot x5  
  111  9:49  Immortal  
  111  9:52  Archon  
  99  9:53  Zealot x2  
  99  9:54  Zealot x6  
  113  10:04  Observer  
  95  10:14  Zealot x2  
  95  10:15  Zealot  
  95  10:17  Zealot x4  
  95  10:18  Zealot  
  102  10:22  Probe (Chrono Boost)  
  102  10:24  Probe (Chrono Boost)  
  102  10:26  Probe x2 (Chrono Boost)  
  97  10:28  Immortal (Chrono Boost)  
  97  10:33  Probe (Chrono Boost)  
  92  10:39  High Templar x3  
  92  10:40  High Templar, Zealot x4  
  92  10:42  Probe x2  
  108  10:43  Probe  
  101  10:57  Immortal (Chrono Boost)  
  101  10:58  Photon Cannon, Shield Battery  
  101  11:01  High Templar  
  101  11:02  High Templar, Zealot  
  101  11:03  Zealot  
  111  11:11  Stalker x2  
  111  11:12  Zealot x2  
  111  11:13  Probe (Chrono Boost)  
  120  11:22  Probe (Chrono Boost)  
  121  11:25  Photon Cannon  
  121  11:27  Probe (Chrono Boost)  
  121  11:30  Stalker x2  
  126  11:35  Stalker x2  
  126  11:36  Zealot x3, Stalker  
  138  11:45  Archon x2  
Show
View Real Time Build Order
Export as new Build Order

IGXY Terran 

Build Orders:  

Get SALT Encoding   

  12  0:00  SCV  
  13  0:12  SCV  
  14  0:17  Supply Depot  
  14  0:24  SCV  
  15  0:38  SCV  
  15  0:40  Barracks  
  16  0:44  Refinery  
  16  0:50  SCV  
  17  1:02  SCV  
  18  1:15  SCV  
  19  1:27  Orbital Command, Barracks Reactor  
  19  1:37  Command Center  
  19  1:44  Supply Depot  
  19  1:53  SCV  
  20  1:57  Bunker  
  20  2:03  Marine x2  
  20  2:05  SCV  
  23  2:16  Factory  
  23  2:19  SCV  
  23  2:22  Marine x2  
  26  2:31  SCV  
  26  2:32  Refinery  
  27  2:40  Marine x2  
  27  2:43  SCV  
  30  2:49  Orbital Command  
  30  2:55  SCV  
  30  2:58  Marine x2  
  32  3:02  Widow Mine  
  35  3:06  Starport  
  35  3:09  SCV  
  36  3:16  Marine x2, SCV  
  38  3:23  SCV  
  36  3:33  Marine  
  36  3:34  Marine, Factory Tech Lab  
  36  3:36  SCV x2  
  39  3:47  Supply Depot  
  39  3:48  SCV x2  
  40  3:54  Cyclone  
  44  4:00  SCV x2  
  43  4:12  SCV  
  43  4:13  SCV  
  43  4:15  Marine x2  
  47  4:22  Starport Tech Lab  
  47  4:24  SCV  
  47  4:25  SCV  
  47  4:26  Siege Tank, Supply Depot  
  47  4:30  Supply Depot  
  52  4:36  Barracks, SCV  
  52  4:37  Barracks, SCV  
  54  4:48  Raven, SCV, Supply Depot  
  54  4:49  SCV  
  54  4:52  Marine x2  
  60  5:00  SCV  
  60  5:01  SCV  
  60  5:06  Refinery  
  62  5:07  Engineering Bay  
  62  5:08  Refinery  
  62  5:09  Supply Depot  
  62  5:11  Factory Reactor  
  62  5:12  Marine, SCV  
  62  5:14  SCV  
  61  5:24  SCV  
  61  5:26  SCV  
  61  5:27  Supply Depot  
  63  5:32  Starport Reactor  
  63  5:33  Terran Infantry Weapons Level 1  
  63  5:34  Marine x2  
  63  5:37  SCV  
  63  5:38  SCV  
  61  5:44  Stimpack, Combat Shield  
  61  5:49  Widow Mine x2, SCV  
  67  5:50  SCV  
  67  5:56  Marauder  
  70  5:57  Marauder, Marine x2  
  71  6:06  SCV, Command Center  
  71  6:07  SCV  
  71  6:10  Widow Mine x2  
  77  6:18  Barracks  
  77  6:24  Barracks  
  77  6:25  Marauder x2, Marine  
  81  6:26  Marine  
  81  6:29  Medivac  
  81  6:31  Medivac  
  87  6:36  Widow Mine x2  
  91  6:43  Supply Depot  
  91  6:44  Supply Depot  
  93  6:47  Marine, Marauder  
  94  7:03  Concussive Shells  
  94  7:05  Widow Mine x2, SCV x2, Marauder  
  102  7:09  Marauder  
  102  7:10  Barracks Reactor  
  102  7:11  Barracks Tech Lab  
  104  7:17  SCV  
  104  7:25  Marine x2  
  104  7:26  Marauder  
  104  7:27  Terran Infantry Armor Level 1  
  104  7:29  Medivac x2  
  112  7:30  Marauder  
  112  7:33  SCV  
  112  7:34  SCV  
  112  7:36  Ghost Academy  
  114  7:39  Marauder  
  114  7:43  Marine x2  
  122  7:44  Widow Mine x2  
  122  7:45  SCV  
  122  7:46  SCV, Marine  
  122  7:47  Supply Depot  
  125  8:00  Marine, Marauder x2  
  125  8:02  Medivac  
  132  8:09  Medivac, Supply Depot  
  132  8:10  Ghost  
  136  8:18  Widow Mine x2  
  136  8:19  Orbital Command  
  132  8:21  Ghost  
  132  8:22  Supply Depot, Ghost  
  132  8:23  Marine x2  
  138  8:30  Marine x2  
  138  8:32  SCV  
  141  8:35  SCV, Refinery  
  141  8:40  Widow Mine x2, Marauder  
  148  8:44  SCV  
  148  8:45  Marine, Missile Turret  
  150  8:50  SCV x2, Marauder  
  150  8:53  Missile Turret  
  152  8:59  Marauder  
  152  9:00  Marine x2  
  156  9:06  Marine  
  156  9:08  Widow Mine, Armory  
  157  9:12  Widow Mine  
  157  9:14  Marine  
  154  9:18  Medivac x2  
  154  9:23  Marauder  
  156  9:26  Refinery  
  156  9:27  Supply Depot  
  156  9:28  Engineering Bay  
  156  9:29  Supply Depot x2  
  156  9:30  Supply Depot  
  156  9:33  Marauder  
  156  9:35  Widow Mine x2  
  141  9:40  Marauder, Marine  
  141  9:41  Marine x2  
  141  9:43  Marine  
  141  9:45  Marauder  
  100  9:55  Marauder  
  100  9:56  Widow Mine x2  
  100  9:58  Marine x2  
  100  9:59  Marine  
  100  10:01  Marauder, Marine  
  100  10:06  Marine  
  96  10:08  SCV x2  
  91  10:15  Marine  
  91  10:16  Marine x3  
  91  10:17  Widow Mine x2  
  91  10:19  Marine  
  87  10:24  SCV  
  62  10:36  Marine  
  62  10:39  Widow Mine, SCV  
  64  10:43  Marine x2  
  64  10:47  Marine  
  63  10:51  SCV  
  63  10:53  Marine  
  65  11:00  Ghost  
  67  11:06  Marine x2  
  69  11:11  Ghost  
  69  11:17  Ghost  
  73  11:22  Marine  
  64  11:33  Marine  
  64  11:34  Marine  
  64  11:35  SCV x2  
  64  11:36  SCV  
Tags
 
Add a new tag
Caveats
  • Supply blocks, unpowered buildings, or Contaminate may cause inaccurate times.
  • Supply counts are checked every 10 seconds.